 Dungeon Crawl Stone Soup version 0.22-a0-292-g0df9d5f (webtiles) character file.

322 Amnesiac the Gusty (level 6, 0/32 HPs)
             Began as a Tengu Air Elementalist on Mar 23, 2018.
             Was a Follower of Ashenzari.
             Shot with an arrow by a centaur (4 damage)
             ... on level 5 of the Dungeon.
             The game lasted 00:05:41 (4070 turns).

Amnesiac the Gusty (Tengu Air Elementalist)         Turns: 4070, Time: 00:05:42

Health: 0/32       AC:  3    Str:  8    XL:     6   Next: 47%
Magic:  0/15       EV: 13    Int: 17    God:    Ashenzari [*.....]
Gold:   166        SH:  0    Dex: 15    Spells: 11/16 levels left

rFire    . . .     SeeInvis .   k - +0 hand axe (venom)
rCold    . . .     Gourm    .   (no shield)
rNeg     . . .     Faith    .   a - +0 robe
rPois    .         Spirit   +   (helmet restricted)
rElec    .         Reflect  .   r - +0 cloak
rCorr    .         Harm     .   (no gloves)
MR       +....                  (boots unavailable)
Stlth    ++........             u - amulet of guardian spirit
HPRegen  0.10/turn              b - ring of wizardry
MPRegen  0.14/turn              q - ring of protection from magic

@: no status effects
A: beak, talons 3, able to fly 1
a: Fly, Curse Item, Scrying, Renounce Religion


You were on level 5 of the Dungeon.
You worshipped Ashenzari.
Ashenzari was aware of your devotion.
You were not hungry.

You visited 1 branch of the dungeon, and saw 5 of its levels.

You collected 166 gold pieces.

Inventory:

Hand Weapons
 k - a +0 hand axe of venom (weapon)
Missiles
 p - 2 needles of paralysis
 t - 9 poisoned needles
Armour
 a - a +0 robe (worn)
 r - a +0 cloak (worn)
Jewellery
 b - a ring of wizardry (left hand)
 m - an uncursed ring of fire
 q - a ring of protection from magic (right hand)
 u - an amulet of guardian spirit (around neck)
 x - a cursed amulet of inaccuracy
Scrolls
 d - 3 scrolls of fear {!r, unknown}
 g - 4 scrolls of remove curse {!r}
 i - 3 scrolls of identify {!r, unknown}
 l - a scroll of fog {!r, unknown}
 o - 3 scrolls of teleportation {!r, unknown}
 s - 2 scrolls of enchant armour {!r, unknown}
 v - a scroll of magic mapping {!r, unknown}
Potions
 e - 2 potions of degeneration {!q, unknown}
 f - a potion of flight {!q, unknown}
 h - a potion of agility {!q, unknown}
 j - 2 potions of haste {!q, unknown}
 n - 6 potions of curing {!q}
 w - a potion of ambrosia {!q, unknown}
Comestibles
 c - 4 rations
 z - a chunk of flesh


   Skills:
 - Level 2.1 Dodging
 - Level 2.0 Stealth
 * Level 5.5 Spellcasting
 - Level 1.3 Conjurations
 + Level 5.5 Air Magic


You had 11 spell levels left.
You knew the following spells:

 Your Spells              Type           Power        Failure   Level  Hunger
a - Shock                 Conj/Air       ###.         1%          1    None
d - Airstrike             Air            ###.......   6%          4    ####...


Dungeon Overview and Level Annotations

Branches:
Dungeon (5/15)
 Temple: D:4-7

Altars:
Ashenzari
Elyvilon
Kikubaaqudgha
Okawaru
Ru
Sif Muna
Uskayaw
Vehumet
Xom
Yredelemnul


Innate Abilities, Weirdness & Mutations

You have a beak for a mouth.
You have claws for feet.
You can fly.


Message History

You are no longer poisoned.
You start resting.
Magic restored.
You start resting.
Eating one of 3 chunks of flesh.
You eat one of the 3 chunks of flesh.
This raw flesh tastes terrible.
HP restored.
You start resting.
HP restored.
There is an open door here.
Key pressed, stopping explore.
There is an open door here.
All of the chunks of flesh in your inventory have rotted away.
There is a stone staircase leading down here.
Done exploring.
Done exploring.
Done exploring.
Search for what [Enter for "a cur", or ? for help]?
There is a stone staircase leading down here.
You climb downwards.
There is a stone staircase leading up here.
Found a stone staircase leading up.
An iguana comes into view.
The iguana hisses angrily.
You hit the iguana but do no damage. You peck the iguana.
The iguana is moderately wounded.
The iguana bites you!
You completely miss the iguana. You peck the iguana.
The iguana is heavily wounded.
The iguana bites you!
You hit the iguana.
The iguana is poisoned.
You claw the iguana.
The iguana is almost dead.
The iguana bites you. The iguana misses you.
You hit the iguana but do no damage.
The iguana looks as sick as possible!
You kill the iguana!
You see here an iguana corpse.
You butcher the iguana corpse.
z - a chunk of flesh You see here an iguana skeleton.
A centaur comes into view.
Ashenzari warns you: It is carrying a shortbow of freezing.
The centaur shouts!
The centaur wields a shortbow of freezing.
It is covered in frost.
The centaur shoots an arrow.
The arrow hits you but does no damage.
The centaur shoots an arrow.
The arrow hits you!
* * * LOW HITPOINT WARNING * * *
The arrow freezes you.
Found a stone staircase leading down.
You see here an arrow.
A centaur is nearby!
A centaur is nearby!
Really quaff
n - 7 lumpy white potions {!q}?
It was a potion of curing {!q}.
You feel better.
The centaur shoots an arrow.
The arrow hits you. The arrow freezes you.
The centaur shoots an arrow.
The arrow hits you!
* * * LOW HITPOINT WARNING * * *
The arrow freezes you.
* * * LOW HITPOINT WARNING * * *
Okay, then.
The centaur shoots an arrow.
The arrow hits you!
* * * LOW HITPOINT WARNING * * *
The arrow freezes you.
You die...

##.##
##...####
##.......
.......#
......#
..c..#
#.#..#
#@#..#
#.#..#####
#(#......#
#.(......#
#.#####.>#
#.# #.# #
#.# .#
#.#####..#


You could see a centaur.

Vanquished Creatures
  A hound (D:4)
  An orc priest (D:3)
  Terence (D:2)
  An iguana (D:5)
  2 worker ants (D:4)
  5 adders
  3 oozes
  An adder skeleton (D:4)
  2 worms (D:3)
  2 dart slugs
  2 leopard geckos
  4 orcs
  7 bats
  6 giant cockroaches
  12 hobgoblins
  7 jackals
  5 kobolds
  3 quokkas (D:2)
  3 ball pythons (D:2)
  7 frilled lizards
  8 goblins
  A leopard gecko skeleton (D:4)
  6 rats
90 creatures vanquished.

Notes
Turn   | Place    | Note
-------+----------+-------------------------------------------
     0 | D:1      | Amnesiac the Tengu Air Elementalist began the quest for the Orb.
     0 | D:1      | Reached XP level 1. HP: 10/10 MP: 4/4
   361 | D:1      | Reached XP level 2. HP: 15/15 MP: 2/6
   833 | D:1      | Reached XP level 3. HP: 16/19 MP: 8/8
  1272 | D:2      | Reached XP level 4. HP: 24/24 MP: 10/10
  1278 | D:2      | Learned a level 4 spell: Airstrike
  1491 | D:2      | Found a shattered altar of Ashenzari.
  1623 | D:2      | Noticed Terence
  1718 | D:2      | Killed Terence
  1718 | D:2      | Gained mutation: You can fly. [Tengu growth]
  1718 | D:2      | Reached XP level 5. HP: 22/28 MP: 2/12
  2220 | D:2      | Became a worshipper of Ashenzari the Shackled
  2336 | D:3      | Found a white marble altar of Elyvilon.
  2631 | D:3      | Found a deep blue altar of Sif Muna.
  2704 | D:3      | Found a shimmering altar of Xom.
  2709 | D:3      | Found a hide-covered altar of Uskayaw.
  2714 | D:3      | Found an ancient bone altar of Kikubaaqudgha.
  2718 | D:3      | Found a deep blue altar of Sif Muna.
  2723 | D:3      | Found a radiant altar of Vehumet.
  2727 | D:3      | Found a sacrificial altar of Ru.
  2732 | D:3      | Found a basalt altar of Yredelemnul.
  2871 | D:4      | Reached skill level 5 in Spellcasting
  2871 | D:4      | Reached skill level 5 in Air Magic
  2871 | D:4      | Reached XP level 6. HP: 32/32 MP: 5/14
  3328 | D:4      | Reached * piety under Ashenzari
  3482 | D:4      | Found an iron altar of Okawaru.
  4017 | D:5      | Entered Level 5 of the Dungeon
  4070 | D:5      | Shot with an arrow by a centaur

Vault maps used:
D:1:      nzn_arrival_crosshair
D:2:      nicolae_ashenzari_panopticon, uniq_terence
D:3:      grunt_temple_overflow_octagram, lemuel_crystal_altar, first_ration,
          lemuel_blue_sif_altar
D:4:      okawaru_gym_becter
D:5:      serial_shops, nicolae_shop_statue_plus

Skill      XL: |  1  2  3  4  5 |
---------------+----------------+-----
Spellcasting   | 3 4 5 |  5.5
Air Magic      | 5 |  5.5
Dodging        | |  2.1
Stealth        | |  2.0
Conjurations   | |  1.3

Action                   |  1- 3 |  4- 6 || total
-------------------------+-------+-------++-------
Melee: Unarmed           |     9 |       ||     9
       Hand axe          |    40 |   103 ||   143
       Kick              |     9 |    22 ||    31
       Peck              |     6 |    16 ||    22
 Cast: Shock             |    36 |    32 ||    68
       Airstrike         |       |    11 ||    11
  Use: Potion            |       |     1 ||     1
 Stab: Sleeping          |     3 |     4 ||     7
  Eat: Chunk             |     1 |    11 ||    12
Armor: Robe              |    11 |    23 ||    34
Dodge: Dodged            |    44 |    85 ||   129

Table legend:
 A = Spawn XP
 B = Non-spawn XP
 C = Spawn XP percentage of total XP
 D = Spawn monster count
 E = Non-spawn monster count
 F = Spawn count percentage of total count
 G = Total turns spent on level
                    A         B        C        D         E        F      G
               +---------+---------+-------+---------+---------+-------+---------
         Total |       0 |     461 |   0.0 |       0 |      90 |   0.0 |  4070
               +---------+---------+-------+---------+---------+-------+---------
           D:1 |       0 |      48 |   0.0 |       0 |      25 |   0.0 |  1100
           D:2 |       0 |     141 |   0.0 |       0 |      32 |   0.0 |  1188
           D:3 |       0 |      91 |   0.0 |       0 |      16 |   0.0 |   580
           D:4 |       0 |     146 |   0.0 |       0 |      16 |   0.0 |  1149
           D:5 |       0 |      35 |   0.0 |       0 |       1 |   0.0 |    53
               +---------+---------+-------+---------+---------+-------+---------
